[Event "Titled Tuesday Blitz March 07 Late 2023"]
[White "Przybylski, Wojciech"]
[Black "Do Valle Cardoso, Lucas"]
[WhiteFideId "1117599"]
[BlackFideId "2163144"]
[WhiteElo "2222"]
[BlackElo "2383"]
[Result "0-1"]
[Round "09"]
[TimeControl "180+2"]
[Date "2023.03.07"]
[WhiteClock "0:00:03"]
[BlackClock "0:00:25"]

1. d4 d5 2. c4 dxc4 3. e4 e5 4. Nf3 exd4 5. Bxc4 Nc6 6. O-O Be6 7. Bxe6 fxe6 8. Qb3 Qd7 9. Qxb7 Rb8 10. Qa6 Nf6 11. e5 Nd5 12. Nbd2 Be7 13. a3 O-O 14. Qe2 Nf4 15. Qe4 d3 16. Nc4 Qd5 17. Qxd5 exd5 18. Ncd2 Ne2+ 19. Kh1 Rf5 20. g4 Rf4 21. h3 Rbf8 22. Kg2 h5 23. g5 R4f5 24. h4 Nxe5 25. Nxe5 Rxe5 26. Nf3 Ref5 27. Ng1 Bc5 28. Nh3 Bd4 29. Rb1 c5 30. Bd2 c4 31. Bb4 Rb8 32. Rfd1 Nf4+ 33. Nxf4 Rxf4 34. Be1 Rxh4 35. f3 Rf4 36. Bg3 Be3 37. Bxf4 Bxf4 38. Re1 d2 39. Re7 c3 40. Rf1 c2 41. Ree1 Kh7 42. g6+ Kxg6 43. Re6+ Kh7 44. Rc6 Rxb2 45. Kh3 d1=Q 46. Rf2 Qh1+ 0-1


[Site "https://www.chess.com"]

[Event "Titled Tuesday Blitz March 07 Late 2023"]
[White "Sai Han Thiha"]
[Black "Brozyna, Mateusz"]
[WhiteFideId "13012290"]
[BlackFideId "21816140"]
[WhiteElo "1954"]
[BlackElo "2189"]
[Result "1-0"]
[Round "09"]
[TimeControl "180+2"]
[Date "2023.03.07"]
[WhiteClock "0:00:14"]
[BlackClock "0:00:05"]

1. d4 Nf6 2. c4 g6 3. Nc3 Bg7 4. e4 d6 5. Nf3 O-O 6. Be2 e5 7. Be3 Nc6 8. d5 Ne7 9. Nd2 Nd7 10. f3 a5 11. a3 f5 12. b4 Kh8 13. c5 Ng8 14. Nc4 axb4 15. axb4 Rxa1 16. Qxa1 Ndf6 17. cxd6 cxd6 18. Qa5 Bh6 19. Qxd8 Rxd8 20. Bb6 Rd7 21. h3 Ne8 22. O-O Rf7 23. Ra1 Ngf6 24. Ra8 Bd7 25. Nxd6 Rf8 26. Nxb7 Bd2 27. Bc5 Rg8 28. Nb1 Bc1 29. Bd3 fxe4 30. fxe4 Nh5 31. Nc3 Nf4 32. Bf1 g5 33. Nd6 Nxd6 34. Rxg8+ Kxg8 35. Bxd6 Be3+ 36. Kh2 Bd2 37. Ne2 Ng6 38. Ng1 Bf4+ 39. g3 Be3 40. Nf3 g4 41. hxg4 Bxg4 42. Nxe5 Nxe5 43. Bxe5 Bf3 44. Bg2 Be2 45. d6 Kf7 46. Bh3 Bb6 47. Bf4 Bd8 48. e5 Bc4 49. Kg2 Be6 50. Bxe6+ Kxe6 51. Kf3 Kf5 52. g4+ Ke6 53. Ke4 Bb6 54. Be3 Bd8 55. b5 Be7 56. dxe7 Kxe7 57. b6 h6 58. b7 h5 1-0


[Site "https://www.chess.com"]

[Event "Titled Tuesday Blitz March 07 Late 2023"]
[White "Lewtak, Damian"]
[Black "Rangel, Daniel"]
[WhiteFideId "1141724"]
[BlackFideId "2124475"]
[WhiteElo "2302"]
[BlackElo "2256"]
[Result "1-0"]
[Round "09"]
[TimeControl "180+2"]
[Date "2023.03.07"]
[WhiteClock "0:00:53"]
[BlackClock "0:00:02"]

1. a3 Nf6 2. Nc3 g6 3. e4 d6 4. Nf3 c5 5. d4 cxd4 6. Bb5+ Bd7 7. Bxd7+ Nbxd7 8. Qxd4 Bg7 9. O-O O-O 10. Re1 Rc8 11. Qxa7 Rxc3 12. bxc3 Nc5 13. e5 Nd5 14. c4 Nb6 15. Qa5 Nxc4 16. Qxd8 Rxd8 17. Bg5 Nxe5 18. Nxe5 Bxe5 19. Bxe7 Rd7 20. Rxe5 dxe5 21. Bxc5 Rc7 22. Be3 Rxc2 23. Kf1 Rc7 24. a4 f6 25. a5 Kf7 26. Bb6 Rd7 27. Rc1 Ke6 28. Ke2 h5 29. Ke3 g5 30. h3 f5 31. g4 fxg4 32. hxg4 h4 33. Kf3 Rf7+ 34. Kg2 Rf4 35. Rc7 Rxg4+ 36. Kh2 Ra4 37. Rxb7 Ra2 38. Rg7 Kf5 39. Be3 g4 40. Rg5+ Ke4 41. Rxg4+ Kf3 42. Rxh4 Rxa5 43. Rh3+ Ke4 44. Kg2 Ra6 45. Kf1 Ra1+ 46. Ke2 Ra2+ 47. Bd2 Ra6 48. Rh4+ Kd5 49. Rh5 Ra3 50. f4 Ra2 51. Rxe5+ Kd6 52. Re3 Kd5 53. f5 Ra6 54. Bc3 Rh6 55. f6 Rh5 56. f7 Rf5 57. Rf3 Rxf7 58. Rxf7 1-0


[Site "https://www.chess.com"]

[Event "Titled Tuesday Blitz March 07 Late 2023"]
[White "Vaglio Munoz, Jaime"]
[Black "Leiva, Gianmarco"]
[WhiteFideId "6500145"]
[BlackFideId "3804399"]
[WhiteElo "2199"]
[BlackElo "2345"]
[Result "1-0"]
[Round "09"]
[TimeControl "180+2"]
[Date "2023.03.07"]
[WhiteClock "0:00:06"]
[BlackClock "0:00:05"]

1. e4 c5 2. Nf3 d6 3. Bb5+ Nd7 4. a4 Nf6 5. Nc3 g6 6. O-O a6 7. Be2 Bg7 8. a5 O-O 9. d3 Nb8 10. Qd2 Nc6 11. Nd1 e5 12. Ne3 h6 13. Nc4 Be6 14. b3 Qe7 15. Re1 Rad8 16. Bf1 Nh5 17. Bb2 f5 18. Ne3 Qf7 19. c4 Nf4 20. Nd5 g5 21. g3 fxe4 22. dxe4 Nh3+ 23. Bxh3 Bxh3 24. Re3 g4 25. Nh4 h5 26. Nf5 Qe6 27. Nc7 Qg6 28. Qd5+ Kh7 29. Ne6 Nb4 30. Nxf8+ Bxf8 31. Qxb7+ Kh8 32. Bc3 Nc2 33. Rd3 Nxa1 34. Bxe5+ Kg8 35. Bxa1 Qe6 36. Qd5 Qxd5 37. exd5 Kf7 38. Re3 Kg6 39. Ne7+ Bxe7 40. Rxe7 Rb8 41. Re3 h4 42. Bb2 Kg5 43. Bc1 Kh5 44. Bd2 Rf8 45. gxh4 Rf4 46. Rxh3 Rd4 47. Re3 Rxd2 48. Re6 Kxh4 49. Kg2 Rb2 50. Rxd6 Rxb3 51. Rxa6 Rb4 52. Rc6 Rxc4 53. a6 Ra4 54. d6 Rd4 55. a7 1-0


[Site "https://www.chess.com"]

[Event "Titled Tuesday Blitz March 07 Late 2023"]
[White "Hoffmann, Asa"]
[Black "Ismagilov, Damir"]
[WhiteFideId "2001470"]
[BlackFideId "34199982"]
[WhiteElo "2117"]
[BlackElo "2078"]
[Result "1-0"]
[Round "09"]
[TimeControl "180+2"]
[Date "2023.03.07"]
[WhiteClock "0:00:12"]
[BlackClock "0:00:05"]

1. d4 Nf6 2. Bg5 c5 3. d5 Ne4 4. Bc1 g6 5. f3 Nf6 6. e4 d6 7. Be3 Bg7 8. Qd2 Nbd7 9. Nc3 a6 10. a4 Ne5 11. h3 Nh5 12. Qf2 Qa5 13. Bd2 Qb6 14. Rb1 f5 15. g4 fxg4 16. hxg4 Nf6 17. g5 Nh5 18. f4 Rf8 19. Be2 Ng4 20. Qh4 Nxf4 21. Qxh7 Ng2+ 22. Kd1 Nf2+ 23. Kc1 Bxc3 24. Qxg6+ Kd7 25. bxc3 Qd8 26. Rh7 Qe8 27. Qe6+ Kd8 28. Qh6 Nxe4 29. Nf3 Nxd2 30. Kxd2 Nf4 31. Rh1 Nxe2 32. Qxf8 Qxf8 33. Rh8 Qxh8 34. Rxh8+ Kc7 35. Kxe2 b6 36. g6 a5 37. Ke3 Bb7 38. Rxa8 Bxa8 39. c4 e6 40. g7 exd5 41. g8=Q d4+ 42. Kd2 Bxf3 43. Qf7+ Kb8 44. Qxf3 Ka7 45. Qc6 Ka6 46. Kd3 Ka7 47. Ke4 Kb8 48. Kd5 Ka7 49. Ke6 d3 50. cxd3 b5 51. Qxb5 Ka8 52. Kd7 Ka7 53. Kc7 Ka8 54. Qb7# 1-0


[Site "https://www.chess.com"]

[Event "Titled Tuesday Blitz March 07 Late 2023"]
[White "Gubajdullin, Alexei"]
[Black "Beukes, Dante M"]
[WhiteFideId "4141202"]
[BlackFideId "15200540"]
[WhiteElo "2267"]
[BlackElo "2199"]
[Result "1-0"]
[Round "09"]
[TimeControl "180+2"]
[Date "2023.03.07"]
[WhiteClock "0:00:37"]
[BlackClock "0:00:07"]

1. d4 Nf6 2. Nf3 g6 3. Bf4 Bg7 4. e3 O-O 5. Be2 d6 6. O-O c5 7. h3 Qb6 8. Nc3 Qxb2 9. Nb5 Na6 10. a3 Bd7 11. Rb1 Qa2 12. Rb3 Bxb5 13. Bxb5 Rfc8 14. c4 d5 15. Ne5 Nc7 16. dxc5 Nxb5 17. Rxb5 dxc4 18. Rxb7 Rxc5 19. Rxe7 c3 20. Qf3 Rf8 21. Bg5 c2 22. Bxf6 c1=Q 23. Rxc1 Rxc1+ 24. Kh2 Rc5 25. Ng4 h5 26. Bxg7 Kxg7 27. Qf6+ Kh7 28. Ne5 Qd5 29. e4 1-0


[Site "https://www.chess.com"]

[Event "Titled Tuesday Blitz March 07 Late 2023"]
[White "Chan, Kim Yew"]
[Black "Shapiro, Viktor"]
[WhiteFideId "5717981"]
[BlackFideId "4175700"]
[WhiteElo "2206"]
[BlackElo "2152"]
[Result "0-1"]
[Round "09"]
[TimeControl "180+2"]
[Date "2023.03.07"]
[WhiteClock "0:00:02"]
[BlackClock "0:01:16"]

1. e4 Nf6 2. e5 Nd5 3. d4 d6 4. Nf3 Bg4 5. Be2 e6 6. O-O Be7 7. c4 Nb6 8. exd6 cxd6 9. h3 Bh5 10. Nc3 O-O 11. Bf4 d5 12. c5 Bxf3 13. Bxf3 Nc8 14. b4 Nc6 15. b5 Na5 16. Re1 Bf6 17. Qd3 Ne7 18. Ne2 Nf5 19. Bg4 Nh4 20. Ng3 Ng6 21. Bd6 Re8 22. Rac1 Nc4 23. Rxc4 dxc4 24. Qxc4 Rc8 25. Qa4 b6 26. Ne4 Ra8 27. Bf3 Be7 28. Bxe7 Rxe7 29. cxb6 axb6 30. Nf6+ gxf6 31. Bxa8 Rd7 32. Rd1 Nf4 33. Bf3 e5 34. d5 f5 35. Qc4 Qf6 36. Qc8+ Rd8 37. Qc6 Rd6 38. Qc8+ Kg7 39. Qc1 Ng6 40. a4 e4 41. Bh5 Ne5 42. Qa1 Nc4 43. Be2 Qxa1 44. Rxa1 Na5 45. Rd1 Kf6 46. f3 Ke5 47. fxe4 fxe4 48. Rf1 f5 49. g4 f4 50. Rd1 f3 51. Bf1 Rxd5 52. Re1 Kf4 53. Kf2 Rd2+ 54. Kg1 e3 55. Rc1 e2 0-1


[Site "https://www.chess.com"]

[Event "Titled Tuesday Blitz March 07 Late 2023"]
[White "Guzman Moneo, Alberto"]
[Black "Kokoszczynski, Jan"]
[WhiteFideId "2209616"]
[BlackFideId "1174460"]
[WhiteElo "2157"]
[BlackElo "2139"]
[Result "0-1"]
[Round "09"]
[TimeControl "180+2"]
[Date "2023.03.07"]
[WhiteClock "0:00:23"]
[BlackClock "0:00:27"]

1. e4 e5 2. Nf3 Nc6 3. Bb5 a6 4. Ba4 Nf6 5. d3 d6 6. O-O g6 7. d4 exd4 8. Nxd4 Bd7 9. Nxc6 Bxc6 10. Bxc6+ bxc6 11. Bg5 Bg7 12. Nc3 O-O 13. Re1 Rb8 14. b3 Re8 15. Qf3 h6 16. Bh4 g5 17. Bg3 Nd7 18. Rad1 Ne5 19. Qe2 Qf6 20. Qxa6 Nf3+ 21. gxf3 Qxc3 22. Qd3 Qc5 23. c4 Ra8 24. Re2 Ra3 25. f4 Rea8 26. fxg5 hxg5 27. Rdd2 R8a5 28. Kg2 Qa7 29. Qf3 Rxa2 30. Rxa2 Rxa2 31. Rxa2 Qxa2 32. Qf5 Qxb3 33. Qc8+ Bf8 34. Qf5 Qxc4 35. Qxg5+ Bg7 36. Qf5 Qe6 37. Qf3 c5 38. Qe2 c4 39. f4 c3 40. f5 Qh6 41. Kf1 Qc1+ 42. Kg2 c2 43. f6 Qd1 44. Qa6 Bxf6 45. Qc8+ Kg7 46. e5 dxe5 47. Bf4 exf4 48. h4 c1=Q 49. h5 Qg1+ 50. Kf3 Qce3# 0-1


[Site "https://www.chess.com"]

[Event "Titled Tuesday Blitz March 07 Late 2023"]
[White "Kretchetov, Alexandre"]
[Black "Yano, William Jorge Froes"]
[WhiteFideId "4124588"]
[BlackFideId "2112949"]
[WhiteElo "2530"]
[BlackElo "2122"]
[Result "1/2-1/2"]
[Round "09"]
[TimeControl "180+2"]
[Date "2023.03.07"]
[WhiteClock "0:01:09"]
[BlackClock "0:01:27"]

1. d4 Nf6 2. c4 c5 3. d5 b5 4. Qc2 g6 5. e4 d6 6. b3 Bg7 7. Bb2 O-O 8. Nd2 Na6 9. a3 bxc4 10. Bxc4 Rb8 11. Ngf3 Nc7 12. O-O Nb5 13. a4 Nc7 14. h3 Na6 15. Rad1 Nb4 16. Qb1 Ba6 17. Rfe1 Bxc4 18. Nxc4 Qc7 19. Bc3 Rb7 20. Nfd2 Rfb8 21. Bxb4 Rxb4 22. Qc2 Nd7 23. Rb1 Ne5 24. Nxe5 Bxe5 25. g3 Qd7 26. Kg2 h5 27. Nc4 Bg7 28. Na5 R4b6 29. Nc6 Rxc6 30. dxc6 Qxc6 31. Qd3 Rb4 32. Qd5 Qb6 33. Qd3 a5 34. h4 Bd4 35. Rec1 Qb7 36. Rc4 Rb6 37. f3 Be5 38. Rc2 Rb4 39. Rc4 Rb6 40. Rc2 Rb4 41. Rcc1 Bd4 42. Rc4 Rb6 43. Rcc1 Rb4 44. Rc4 Rb6 45. Rcc1 Rb4 1/2-1/2


[Site "https://www.chess.com"]

[Event "Titled Tuesday Blitz March 07 Late 2023"]
[White "Sokolin, Leonid"]
[Black "Meunier-Pion, Jean"]
[WhiteFideId "2009161"]
[BlackFideId "20685327"]
[WhiteElo "2394"]
[BlackElo "2124"]
[Result "0-1"]
[Round "09"]
[TimeControl "180+2"]
[Date "2023.03.07"]
[WhiteClock "0:01:13"]
[BlackClock "0:00:49"]

1. e4 c5 2. Nf3 d6 3. d4 cxd4 4. Qxd4 Nc6 5. Qe3 g6 6. Be2 Bg7 7. O-O Nf6 8. h3 O-O 9. Rd1 Qc7 10. Nc3 a6 11. Rb1 Nb4 12. Qd2 Be6 13. a3 Nc6 14. Qe3 Na5 15. Nd5 Bxd5 16. exd5 Qxc2 17. Bd2 Nc4 18. Bxc4 Qxc4 19. Qxe7 Rad8 20. Qxb7 Rb8 21. Qc6 Qxd5 22. Qxa6 Ne4 23. Bc3 Qc5 24. Bd4 Qc2 25. Qd3 Rfc8 26. b4 Bxd4 27. Qxd4 Nc3 28. Qd3 Qxd3 29. Rxd3 Nxb1 0-1


[Site "https://www.chess.com"]

[Event "Titled Tuesday Blitz March 07 Late 2023"]
[White "Pino Perez, Lazaro"]
[Black "Sokac, Marko"]
[WhiteFideId "3517055"]
[BlackFideId "14531356"]
[WhiteElo "2170"]
[BlackElo "2355"]
[Result "0-1"]
[Round "09"]
[TimeControl "180+2"]
[Date "2023.03.07"]
[WhiteClock "0:00:01"]
[BlackClock "0:00:46"]

1. d4 Nf6 2. Bf4 e6 3. e3 b6 4. Qf3 Nc6 5. Nc3 Bb7 6. O-O-O d5 7. Nge2 Be7 8. g4 a6 9. g5 Nd7 10. h4 b5 11. Ng3 Nb6 12. Nh5 g6 13. Nf6+ Bxf6 14. gxf6 Qxf6 15. Qg3 Qe7 16. Bxc7 Nc4 17. Bxc4 bxc4 18. Bd6 Qd7 19. h5 O-O-O 20. Bf4 Ne7 21. Be5 Nf5 22. Qg1 Rhg8 23. hxg6 Rxg6 24. Qe1 f6 25. Bf4 Qe7 26. f3 e5 27. dxe5 fxe5 28. Bh2 d4 29. Ne4 Nxe3 30. Qa5 Rd5 31. Qa4 Nxd1 32. Rxd1 Qd7 33. Qxc4+ Qc6 34. Qb4 Rg2 35. Qf8+ Kc7 0-1


[Site "https://www.chess.com"]

[Event "Titled Tuesday Blitz March 07 Late 2023"]
[White "Kochetov, Andrey"]
[Black "Jovic, Stanoje"]
[WhiteFideId "24130532"]
[BlackFideId "905020"]
[WhiteElo "2519"]
[BlackElo "2236"]
[Result "0-1"]
[Round "09"]
[TimeControl "180+2"]
[Date "2023.03.07"]
[WhiteClock "0:00:32"]
[BlackClock "0:00:46"]

1. e4 c6 2. d4 d5 3. Nc3 dxe4 4. Nxe4 Nf6 5. Nxf6+ exf6 6. c3 Bd6 7. Bd3 O-O 8. Ne2 Qc7 9. f4 c5 10. d5 c4 11. Bc2 Bc5 12. b3 b5 13. bxc4 bxc4 14. d6 Qc6 15. Nd4 Bxd4 16. Qxd4 Qxg2 17. Rg1 Qxc2 18. Qxf6 Re8+ 19. Qe7 Rxe7+ 20. dxe7 Qe4+ 21. Kf1 Bh3+ 22. Kf2 Qxe7 23. Be3 Nc6 24. Rae1 Qf6 25. Rg3 Bf5 26. Bc5 Bg6 27. Reg1 Qxf4+ 28. Kg2 Be4+ 29. Kh3 Bf5+ 30. Kg2 Qd2+ 31. Bf2 Qd5+ 32. Kf1 Bd3+ 33. Ke1 Re8+ 34. Be3 Bg6 35. h4 Qd3 36. Kf2 Qc2+ 37. Kf3 Bh5+ 38. Kf4 Qe4+ 39. Kg5 Re5# 0-1


[Site "https://www.chess.com"]

[Event "Titled Tuesday Blitz March 07 Late 2023"]
[White "Figorito, Nick"]
[Black "Carbone, Diego"]
[WhiteFideId "30923689"]
[BlackFideId "3002179"]
[WhiteElo "2397"]
[BlackElo "2266"]
[Result "0-1"]
[Round "09"]
[TimeControl "180+2"]
[Date "2023.03.07"]
[WhiteClock "0:01:06"]
[BlackClock "0:01:28"]

1. Nf3 d5 2. g3 Nf6 3. Bg2 e6 4. O-O Be7 5. d4 O-O 6. c4 dxc4 7. Qc2 b5 8. a4 b4 9. Ne5 c6 10. Qxc4 Nd5 11. Nxc6 Nxc6 12. Qxc6 Rb8 13. Qc2 Ba6 14. Rd1 b3 15. Qd2 Bb4 16. Nc3 Qa5 17. Bxd5 exd5 18. Rb1 Rfe8 19. e3 Rbc8 20. h4 Rxc3 21. bxc3 Bxc3 22. Rxb3 Bxd2 23. Bxd2 Qxa4 24. Rdb1 h6 25. Rb4 Qc2 26. R4b2 Qe4 27. Ra1 Bc8 28. Kh2 Qf3 29. Be1 Bf5 0-1


[Site "https://www.chess.com"]

[Event "Titled Tuesday Blitz March 07 Late 2023"]
[White "Rego, Pedro Filipe"]
[Black "Petrovic, Aleksa"]
[WhiteFideId "1904310"]
[BlackFideId "967629"]
[WhiteElo "2193"]
[BlackElo "2326"]
[Result "0-1"]
[Round "09"]
[TimeControl "180+2"]
[Date "2023.03.07"]
[WhiteClock "0:00:02"]
[BlackClock "0:00:06"]

1. e4 c5 2. Nf3 e6 3. d4 cxd4 4. Nxd4 a6 5. c4 Nf6 6. Bd3 Nc6 7. Nxc6 dxc6 8. O-O e5 9. Bg5 h6 10. Bh4 Bc5 11. Bg3 Bg4 12. Qc2 Qe7 13. Be2 Bxe2 14. Qxe2 O-O 15. Kh1 b5 16. Nc3 Rad8 17. a3 Qe6 18. Rac1 Bd4 19. f3 Nd7 20. Bf2 Nb6 21. cxb5 axb5 22. Rc2 Nc4 23. Nd1 Bxf2 24. Nxf2 Rd4 25. Nd3 Rfd8 26. Nb4 Rd2 27. Rxd2 Rxd2 28. Qe1 Qg6 29. Rf2 Rxb2 30. Rxb2 Nxb2 31. Qc3 Nc4 32. a4 Qd6 33. Nd3 f6 34. axb5 cxb5 35. h4 Kh7 36. Kh2 Ne3 37. Nb4 Nc4 38. Nd5 Qa3 39. Qe1 h5 40. Qg3 Qc1 41. Qh3 Ne3 42. Qd7 Nxd5 43. Qxd5 b4 44. Qe6 Qf4+ 45. Kh3 Kh6 46. Qf7 b3 47. Qxb3 g5 48. Qg8 Qxh4# 0-1


[Site "https://www.chess.com"]

[Event "Titled Tuesday Blitz March 07 Late 2023"]
[White "Kovacs, Klara"]
[Black "Dragomirescu, Angela"]
[WhiteFideId "733210"]
[BlackFideId "1209914"]
[WhiteElo "2179"]
[BlackElo "2171"]
[Result "0-1"]
[Round "09"]
[TimeControl "180+2"]
[Date "2023.03.07"]
[WhiteClock "0:00:48"]
[BlackClock "0:02:21"]

1. d4 Nf6 2. Nf3 g6 3. g3 Bg7 4. Bg2 O-O 5. O-O d6 6. c4 Nc6 7. Nc3 a6 8. Bg5 Rb8 9. a4 Na5 10. b3 b6 11. h4 Bb7 12. Rc1 c5 13. d5 Bc8 14. Qd2 Bd7 15. Bh6 b5 16. Bxg7 Kxg7 17. axb5 Nxb3 18. Qb2 Nxc1 19. Rxc1 axb5 20. cxb5 Qa5 21. h5 Nxh5 22. Ne4+ Nf6 23. Nxf6 exf6 24. Ng5 Qxb5 25. Qa1 Qb2 0-1


[Site "https://www.chess.com"]

[Event "Titled Tuesday Blitz March 07 Late 2023"]
[White "Szente Varga, Fruzsina"]
[Black "Wartiovaara, Oliver"]
[WhiteFideId "712264"]
[BlackFideId "513024"]
[WhiteElo "1994"]
[BlackElo "2214"]
[Result "0-1"]
[Round "09"]
[TimeControl "180+2"]
[Date "2023.03.07"]
[WhiteClock "0:00:59"]
[BlackClock "0:00:43"]

1. e4 Nc6 2. d4 d5 3. e5 Bf5 4. c3 e6 5. Bd3 Bxd3 6. Qxd3 f6 7. Ne2 fxe5 8. dxe5 Qd7 9. f4 O-O-O 10. Be3 g5 11. g3 gxf4 12. gxf4 Nge7 13. Nd2 Nf5 14. Bf2 d4 15. O-O-O dxc3 16. Qxd7+ Rxd7 17. Nxc3 Bh6 18. Ne2 Nb4 19. Ne4 Nd3+ 20. Kc2 Nxf2 21. Nxf2 Ne3+ 22. Kc3 Nxd1+ 23. Rxd1 Rxd1 24. Nxd1 Rf8 25. Nd4 Kd7 26. Ne3 Bxf4 27. Ng4 c5 28. Nb5 h5 29. Nf6+ Ke7 30. Kc4 Bxe5 31. Nxh5 Rh8 32. Ng3 Rxh2 33. Ne4 Rh4 34. Kd3 c4+ 35. Ke3 a6 36. Nbc3 b5 37. Nc5 Bd4+ 0-1


[Site "https://www.chess.com"]

[Event "Titled Tuesday Blitz March 07 Late 2023"]
[White "Eggleston, Thomas A"]
[Black "Dudzinski, Pawel"]
[WhiteFideId "412139"]
[BlackFideId "1117890"]
[WhiteElo "2155"]
[BlackElo "2099"]
[Result "1-0"]
[Round "09"]
[TimeControl "180+2"]
[Date "2023.03.07"]
[WhiteClock "0:00:35"]
[BlackClock "0:00:13"]

1. e4 c6 2. Nc3 d5 3. Nf3 dxe4 4. Nxe4 Nf6 5. Nxf6+ exf6 6. d4 Bd6 7. Bc4 O-O 8. O-O Bg4 9. h3 Bh5 10. c3 Bc7 11. g4 Bg6 12. Re1 h5 13. Nh4 Qd6 14. f4 Kh8 15. Nxg6+ fxg6 16. gxh5 g5 17. Qg4 Nd7 18. Re6 f5 19. Rxd6 fxg4 20. Rxd7 Bxf4 21. hxg4 Rae8 22. Bxf4 Rxf4 23. Rf7 Rxg4+ 24. Kf2 Rh4 25. Re1 Rh2+ 26. Kg3 Rxe1 27. Kxh2 Kh7 28. Bd3+ Kh6 29. Bg6 Re2+ 30. Kg3 Rxb2 31. Rf8 g4 32. Kxg4 Rg2+ 33. Kf3 Rxa2 34. Rb8 Rb2 35. Kf4 a5 36. Rh8# 1-0


[Site "https://www.chess.com"]

[Event "Titled Tuesday Blitz March 07 Late 2023"]
[White "Einarsson, Halldor Gretar"]
[Black "Kleiman, Jake"]
[WhiteFideId "2300150"]
[BlackFideId "2020041"]
[WhiteElo "2142"]
[BlackElo "2488"]
[Result "0-1"]
[Round "09"]
[TimeControl "180+2"]
[Date "2023.03.07"]
[WhiteClock "0:00:10"]
[BlackClock "0:01:21"]

1. d4 Nf6 2. c4 e6 3. g3 Bb4+ 4. Bd2 Bxd2+ 5. Nxd2 d6 6. Bg2 O-O 7. Ngf3 Qe7 8. O-O e5 9. e4 Bg4 10. dxe5 dxe5 11. Qc2 Nc6 12. h3 Bxf3 13. Nxf3 Rfd8 14. Rfd1 Rxd1+ 15. Rxd1 Rd8 16. Rxd8+ Qxd8 17. Qd2 Qxd2 18. Nxd2 Nd4 19. Kf1 a5 20. f4 Nd7 21. Nf3 Nxf3 22. Bxf3 f6 23. Bg4 Nc5 24. Bf3 exf4 25. gxf4 Nd3 26. e5 c6 27. exf6 gxf6 28. f5 Nxb2 29. Be2 Kf7 30. Kf2 Ke7 31. Ke3 Kd6 32. Kd4 Na4 33. Bh5 Nc5 34. Bf7 Nd7 35. h4 b6 36. h5 h6 37. Be6 Ne5 38. Bc8 Nf3+ 39. Ke3 Ng5 40. Kd4 c5+ 41. Ke3 Ke5 42. Bd7 Nf7 43. Be6 Nd6 0-1


[Site "https://www.chess.com"]

[Event "Titled Tuesday Blitz March 07 Late 2023"]
[White "Kozin, Yuri"]
[Black "Botez, Alexandra"]
[WhiteFideId "4129920"]
[BlackFideId "2603365"]
[WhiteElo "2485"]
[BlackElo "2059"]
[Result "0-1"]
[Round "09"]
[TimeControl "180+2"]
[Date "2023.03.07"]
[WhiteClock "0:00:02"]
[BlackClock "0:00:05"]

1. e4 e6 2. d4 d5 3. Nd2 c5 4. Ngf3 Nf6 5. exd5 exd5 6. Bb5+ Bd7 7. Bxd7+ Nbxd7 8. O-O Be7 9. dxc5 Nxc5 10. Nd4 Qd7 11. Qf3 g6 12. N2b3 Nce4 13. Bh6 Bf8 14. Bf4 Bg7 15. Be5 O-O 16. Rad1 Rfe8 17. Bxf6 Nxf6 18. c3 b6 19. Nc2 Ne4 20. Rfe1 Rad8 21. Ne3 Nc5 22. h3 Nxb3 23. axb3 Qb5 24. b4 d4 25. Ng4 dxc3 26. bxc3 Rxd1 27. Rxd1 a5 28. bxa5 bxa5 29. Nf6+ Bxf6 30. Qxf6 a4 31. Ra1 Rb8 32. Qd6 Qb3 33. Ra3 Qb5 34. Qc7 Qb1+ 35. Kh2 Qb5 36. c4 Qb4 37. Rxa4 Qb7 38. Ra7 Qxc7+ 39. Rxc7 Rb1 40. Kg3 Kg7 41. c5 Rc1 42. c6 Kf6 43. f4 h5 44. Kf2 Ke6 45. g4 hxg4 46. hxg4 f6 47. Kf3 Rc4 48. Ke3 Rc1 49. Rc8 Kd6 50. Rg8 Rxc6 51. Rxg6 Ke7 52. Rg7+ Ke6 53. Ra7 Rb6 54. Ra3 Rc6 55. Rd3 Ra6 56. Ke4 Ra4+ 57. Rd4 Ra1 58. f5+ Ke7 59. Rc4 Re1+ 60. Kd5 Rd1+ 61. Rd4 Rg1 62. Re4+ Kf7 63. Kd6 Rd1+ 64. Kc5 Rc1+ 65. Kd5 Rd1+ 66. Rd4 Rg1 67. Kc4 Kg7 68. Kd3 Kh6 69. Ke3 Kg5 70. Kf3 Rf1+ 71. Kg2 Re1 72. Kf2 Ra1 73. Rb4 Ra2+ 74. Kf3 Ra3+ 75. Kg2 Ra2+ 76. Kg3 Ra3+ 77. Kf2 Ra2+ 78. Kf3 Ra3+ 79. Ke4 Kxg4 80. Rd4 Kg5 0-1


[Site "https://www.chess.com"]

[Event "Titled Tuesday Blitz March 07 Late 2023"]
[White "Torres Dominguez, David"]
[Black "Poeta, Caio Medeiros"]
[WhiteFideId "2220857"]
[BlackFideId "2142660"]
[WhiteElo "1999"]
[BlackElo "2191"]
[Result "0-1"]
[Round "09"]
[TimeControl "180+2"]
[Date "2023.03.07"]
[WhiteClock "0:00:01"]
[BlackClock "0:00:53"]

1. e4 c6 2. Nf3 d5 3. d3 Bg4 4. Be2 e6 5. O-O dxe4 6. dxe4 Qxd1 7. Rxd1 Nf6 8. Nbd2 Nbd7 9. Kf1 O-O-O 10. Ng5 Bxe2+ 11. Kxe2 Re8 12. Nxf7 Rg8 13. Nc4 Kc7 14. a4 e5 15. Nfd6 Bxd6 16. Nxd6 Re6 17. Nc4 Nxe4 18. Be3 b6 19. c3 Ndf6 20. f3 Nc5 21. Bxc5 bxc5 22. Kf2 Rb8 23. Re1 e4 24. Kf1 Ree8 25. Rad1 exf3 26. gxf3 Nd5 27. Rxe8 Rxe8 28. a5 Rb8 29. Re1 Rf8 30. Kg2 Rf7 31. Kg3 h6 32. Re5 Kb7 33. Nd6+ Ka6 34. Nxf7 Kb5 35. Nd6+ Kxa5 36. Ne4 Kb5 37. b3 c4 38. bxc4+ Kxc4 39. Nd6+ Kxc3 40. Nb7 Kb4 41. Kf2 a5 42. Ke2 a4 43. Kd2 Kb3 44. Na5+ Kb2 45. Nxc6 a3 46. Rxd5 a2 47. Ra5 a1=Q 48. Rxa1 Kxa1 49. Ke3 Kb2 50. Nd8 Kc3 51. Ne6 g6 52. Nf4 g5 53. Ne6 Kc4 54. Ke4 Kb5 55. h3 Kc6 56. Ke5 Kd7 57. Nf8+ Ke7 58. Nd7 Kf7 59. Nc5 Kg6 60. Ne4 Kh5 61. Kf5 Kh4 62. Kg6 Kxh3 63. Kxh6 Kg2 0-1


[Site "https://www.chess.com"]

[Event "Titled Tuesday Blitz March 07 Late 2023"]
[White "Womacka, Mathias"]
[Black "Ricaurte Lopez, Juan Carlos"]
[WhiteFideId "4611390"]
[BlackFideId "3600327"]
[WhiteElo "2377"]
[BlackElo "2209"]
[Result "1-0"]
[Round "09"]
[TimeControl "180+2"]
[Date "2023.03.07"]
[WhiteClock "0:00:27"]
[BlackClock "0:00:15"]

1. e4 e5 2. Nf3 d5 3. exd5 e4 4. Qe2 Nf6 5. d3 Be7 6. dxe4 O-O 7. Nc3 Re8 8. Bd2 Bb4 9. O-O-O Bxc3 10. Bxc3 Nxe4 11. Be5 Bf5 12. Qe3 Nd7 13. Bd4 Ng3 14. Qf4 Nxh1 15. Qxf5 Nxf2 16. Bxf2 Nf6 17. Bh4 Qd6 18. Bd3 Re3 19. Bxf6 Rxd3 20. Rxd3 gxf6 21. a3 Re8 22. Kb1 Re7 23. Nd4 Qe5 24. Rg3+ Kh8 25. Qg4 Qg5 26. Qc8+ 1-0


[Site "https://www.chess.com"]

[Event "Titled Tuesday Blitz March 07 Late 2023"]
[White "Ramirez, Maria Eugenia"]
[Black "Boyer, Mahel"]
[WhiteFideId "3301680"]
[BlackFideId "45102422"]
[WhiteElo "1842"]
[BlackElo "2439"]
[Result "0-1"]
[Round "09"]
[TimeControl "180+2"]
[Date "2023.03.07"]
[WhiteClock "0:00:01"]
[BlackClock "0:00:11"]

1. e4 Nc6 2. d4 d5 3. exd5 Qxd5 4. Nf3 Bg4 5. Be2 O-O-O 6. c3 e5 7. dxe5 Qxd1+ 8. Bxd1 Nxe5 9. Be2 Nxf3+ 10. Bxf3 Bxf3 11. gxf3 Ne7 12. Be3 Nf5 13. Nd2 Re8 14. Ne4 Nh4 15. Ke2 f5 16. Ng5 f4 17. Nf7 Rg8 18. Rhg1 fxe3 19. fxe3 Nf5 20. e4 g6 21. Kd2 Nd6 22. Ng5 Bh6 23. h4 Nc4+ 24. Kc2 Bxg5 25. hxg5 Rgf8 26. Rg3 Rf4 27. Rh1 Re7 28. Rgh3 Ne5 29. Rxh7 Rxh7 30. Rxh7 Rxf3 31. Re7 Rf2+ 32. Kb3 Nd3 33. Rg7 Rxb2+ 34. Ka3 Rb6 35. Rg8+ Kd7 36. Rg7+ Kd8 37. Rg8+ Ke7 38. Rg7+ Ke6 39. Rxg6+ Ke5 40. Rg7 Rc6 41. Re7+ Kd6 42. Re8 Kd7 43. Rh8 Rxc3+ 44. Ka4 Rc5 45. g6 Rg5 46. Rh7+ Kc6 47. g7 Nc5+ 48. Kb4 Ne6 49. Rh6 Kd7 50. Rh7 a5+ 51. Ka4 Rxg7 52. Rh5 Rg5 53. Rh7+ Kc6 54. Kb3 Nc5+ 55. Kc4 b5+ 0-1


[Site "https://www.chess.com"]